Workbook
Name _Hlk510619310: 'FM-102 - INF SUP'!$A$36
Name Acta: Listas!$O$2:$O$13
Name Dependencias: Listas!$C$2:$C$6
Name Metas: Listas!#REF!
Name Modalidad: Listas!$F$2:$F$6
Name OLE_LINK1: 'FM-102 - INF SUP'!$A$35
Name Responsable: Listas!$B$2:$B$8
Name TipoAnexo: Listas!$A$2:$A$3
Name TipoContratos: Listas!$V$2:$V$11
Name TipoRiesgo: Listas!$I$2:$I$6

Sheet FM-101-IS
Q1: FM-101
Q2: Versión: | V2: 7.0
Q3: Fecha: | V3: 44229
Q4: INFORME DE SERVICIOS
A5: 1. Datos generales del informe
A6: Nombre del Contratista | F6: JOSUÉ EDILSON RODRIGUEZ SIERRA C.C. N°79.593.482 | AD6: Salario Minimo Mensual Vigente | AI6: Valor base de cotización
A7: Nombre del supervisor | F7: ZAMIRA CARO CARO
A8: Dependencia | F8: SECRETARIA DE DESARROLLO ECONÓMICO Y PARTICIPACIÓN COMUNITARIA
A9: Fecha del Informe | F9: Periodo a pagar | Z9: =+IF(N13<F13,"Fecha de Inicio Incorrecta","") | AD9: 1160000 | AI9: =+IF(((J49-R52)*0.4)>AD9,(J49-R52)*0.4,AD9) -> 5542650.8
A10: 45656 | F10: Entre | H10: 45649 | O10: y | P10: 45656
A11: 2. Datos del contrato
A12: No. Del contrato | F12: Fecha de firma | N12: Fecha de Inicio
A13: N° 025 DE 2024 | F13: 18 de diciembre de 2024 | N13: 23 de diciembre de 2024
A14: Objeto del contrato | D14: SUMINISTRO, IMPRESIÓN E INSTALACIÓN DE MATERIAL PUBLICITARIO PARA EL FORTALECIMIENTO DE LA PROMOCIÓN TURISTICA Y CULTURAL EN EL MUNICIPIO DE PAUNA
A17: Forma de Pago | D17: El valor del contrato será cancelado a la entrega del 100% del producto y la aprobación por parte del supervisor del contrato, de que el servicio fue proporcionado a entera satisfacción.
A18: Modalidad | D18: Mínima Cuantía
A19: Tipo de contrato | F19: Suministro
A20: 2.1. Información presupuestal del contrato | Z20: =+IF(G23<F13,"EL RP es de fecha anterior a la fecha de firma del contrato","") -> EL RP es de fecha anterior a la fecha de firma del contrato
A21: Comprobante | E21: Numero | G21: Fecha | N21: Valor | Z21: =IF(G22<F13,"EL CDP es de fecha posterior a la fecha del RP","") -> EL CDP es de fecha posterior a la fecha del RP
A22: CDP | E22: 2024120018 | G22: 45628 | N22: 12000000
A23: RP | E23: 2024120056 | G23: 45644 | N23: 11990000
A24: CDP | E24: 2024120049 | G24: 45639 | N24: 4500000
A25: RP | E25: 2024120078 | G25: 45653 | N25: 4500000
A26: Plazo inicial del contrato | D26: HASTA EL 30 DE DICIEMBRE DE 2024 | F26: Plazo adicionado | J26: 0 | N26: Plazo Final | R26: =+D26 -> HASTA EL 30 DE DICIEMBRE DE 2024
A28: Valor Inicial del contrato | D28: 11990000 | F28: Valor adicionado | J28: 4500000 | N28: Valor Total | R28: =D28+J28 -> 16490000
A30: 3. Relación con el Plan Municipal de Desarrollo
A31: Obligaciones Contractuales | G31: Actividades realizadas | S31: Anexos
A32: Impresión e instalación de valla de 11.50 de ancho x 3.70 de alto, impresión en lona banner 13 onz | G32: Se realizó la entrega de los suministros cumpliendo las especificaciones dadas por el Supervisor | S32: VER ANEXO 1
A33: Impresión e instalación de valla de 11.50 de ancho x 5.46 de alto, impresión en lona banner 13 onz | G33: Se realizó la entrega de los suministros cumpliendo las especificaciones dadas por el Supervisor | S33: VER ANEXO 2
A34: Impresión de Pendón Banner tipo Roll Up Enrolla 100 x 200 cm, impresión en lona banner 13 onz | G34: Se realizó la entrega de los suministros cumpliendo las especificaciones dadas por el Supervisor | S34: VER ANEXO 3
A35: Pocillo tintero 9 onzas con plato, marcado personalizado a full color en alta calidad | G35: Se realizó la entrega de los suministros cumpliendo las especificaciones dadas por el Supervisor | S35: VER ANEXO 4
A36: microperforado tamaño 81 cm x 21 cm | G36: Se realizó la entrega de los suministros cumpliendo las especificaciones dadas por el Supervisor | S36: VER ANEXO 5
A37: aviso tensado a estructura metaica y plastificado medida 400x90 cm | G37: Se realizó la entrega de los suministros cumpliendo las especificaciones dadas por el Supervisor | S37: VER ANEXO 6
A38: 3.1. Avance del contrato | P38: 1
A39: 3.2. Avance de la adición del contrato | P39: 1 | Z39: VALOR CONTRATO | AA39: 6900000
A40: 3.3. Entrada a almacen (Solo diligenciar si requiere ingreso al ALMACEN)
A41: Numero de comprobante de entrada | J41: Fecha | Z41: =R28-(D45+D46+D47+D48+G45+G46+G47+G48+N48+N47+N46+N45) -> 615.06 | AA41: =+IF(Z41<0,"EL VALOR DEL CONTRATO ES DIFERENTE A LA PROGRAMACIÓN TOTAL DE PAGOS","")
A42: 202400081 | J42: 45656 | W42: =+VLOOKUP(S47,Listas!O:Q,3,0) -> 1
A45: Acta 01 | D45: 16489385 | F45: Acta 05 | L45: Acta 09 | N45: 0 | S45: Pago No.
A46: Acta 02 | F46: Acta 06 | L46: Acta 10 | N46: 0
A47: Acta 03 | F47: Acta 07 | G47: 0 | L47: Acta 11 | N47: 0 | S47: Acta 01
A48: Acta 04 | F48: Acta 08 | G48: 0 | L48: Acta 12 | N48: 0 | AB48: Salud | AF48: Pensiones | AJ48: Riesgos | AN48: Total Aportes
A49: Valor Tl Pagado | D49: =+Listas!T2 -> 0 | F49: Valor a pagar presente informe | J49: =+VLOOKUP(S47,Listas!O:P,2,0) -> 16489385 | N49: Saldo por pagar | S49: =+R28-D49-J49 -> 615.06 | Z49: A aportar | AB49: 162500 | AF49: 208000 | AJ49: 6800 | AN49: =+SUM(AB49:AM49) -> 377300
Z50: Aportado | AB50: =+F56 -> 162500 | AF50: =+H56 -> 208000 | AJ50: =+L56 -> 6800 | AN50: =+SUM(AB50:AM50) -> 377300
A51: 5. Aportes a la seguridad social | Z51: Cumple | AB51: =+IF(AB50>=AB49,"Cumple","NO CUMPLE") -> Cumple | AF51: =+IF(AF50>=AF49,"Cumple","NO CUMPLE") -> Cumple | AJ51: =+IF(AJ50>=AJ49,"Cumple","NO CUMPLE") -> Cumple | AN51: =+IF(AN50>=AN49,"Cumple","NO CUMPLE") -> Cumple
A52: Responsable de IVA? | F52: SI | H52: % IVA | K52: 0.19 | N52: Valor IVA | R52: 2632758
A53: No. Planilla | E53: Aportes
E54: Fecha pago planilla | F54: Salud | H54: Pensiones | L54: Riesgos | P54: Total Aportado
A55: 9479410064 | E55: 45649 | F55: 162500 | H55: 208000 | L55: 6800 | P55: =SUM(F55:O55) -> 377300
A56: Total Aportes | F56: =+SUM(F55:G55) -> 162500 | H56: =+SUM(H55:K55) -> 208000 | L56: =+SUM(L55:O55) -> 6800 | P56: =F56+H56+L56 -> 377300
A57: Tipo de riesgo | G57: Tipo I | J57: =+VLOOKUP(G57,Listas!I:J,2,0) -> 0.00522 | L57: =+AN51 -> Cumple
A58: 6. Firmas del contrato
A59: Firma: ___________________________________ | J59: Firma: ___________________________________
A62: =+F7 -> ZAMIRA CARO CARO | J62: =+F6 -> JOSUÉ EDILSON RODRIGUEZ SIERRA C.C. N°79.593.482
A63: Supervisor | J63: Contratista
J64: C.C. | M64: 79593482

Sheet FM-102 - INF SUP
W1: FM-102
W2: Versión: | AB2: 6.0
W3: Fecha: | AB3: 44407
W4: INFORME DE SUPERVISION
A6: 1. INTRODUCCIÓN:
A7: =+CONCATENATE("Por medio del presente documento se procede a realizar la supervisión al contrato de ",'FM-101-IS'!F19," ",H12," , en cumplimiento de las obligaciones contraídas por ",H15," , en calidad de contratista y el Municipio de Pauna Boyacá, se presentó el informe del desarrollo del contrato en mención.") -> Por medio del presente documento se procede a realizar la supervisión al contrato de Suministro N° 025 DE 2024 , en cumplimiento de las obligaciones contraídas por JOSUÉ EDILSON RODRIGUEZ SIERRA C.C. N°79.593.482 , en calidad de contratista y el Municipio de Pauna Boyacá, se presentó el informe del desarrollo del contrato en mención.
A11: 2. INFORMACIÓN GENERAL DEL CONTRATO:
A12: CONTRATO No. | H12: =+'FM-101-IS'!A13 -> N° 025 DE 2024 | P12: Fecha | U12: =+'FM-101-IS'!F13 -> 18 de diciembre de 2024
A13: OBJETO | H13: =+'FM-101-IS'!D14 -> SUMINISTRO, IMPRESIÓN E INSTALACIÓN DE MATERIAL PUBLICITARIO PARA EL FORTALECIMIENTO DE LA PROMOCIÓN TURISTICA Y CULTURAL EN EL MUNICIPIO DE PAUNA
A14: Modalidad | H14: =+'FM-101-IS'!D18 -> Mínima Cuantía
A15: CONTRATISTA | H15: =+'FM-101-IS'!F6 -> JOSUÉ EDILSON RODRIGUEZ SIERRA C.C. N°79.593.482
A16: SUPERVISOR | H16: =+'FM-101-IS'!F7 -> ZAMIRA CARO CARO
A17: VALOR INICIAL | J17: VALOR ADICIONAL | T17: VALOR FINAL
A18: =+'FM-101-IS'!D28 -> 11990000 | J18: =+'FM-101-IS'!J28 -> 4500000 | T18: =+SUM(A18,J18) -> 16490000
A19: PLAZO INICIAL | J19: PLAZO ADICIONAL | T19: PLAZO FINAL
A20: =+'FM-101-IS'!D26 -> HASTA EL 30 DE DICIEMBRE DE 2024 | J20: =+'FM-101-IS'!J26 -> 0 | T20: =+'FM-101-IS'!R26 -> HASTA EL 30 DE DICIEMBRE DE 2024
A21: 3. PROCESO DE CONTRATACIÓN
A22: =CONCATENATE("Para el desarrollo del contrato LA ALCALDÍA DEL MUNICIPIO DE PAUNA realizó un proceso por la modalidad de",H14," , firmándose el Contrato de suministros ", H12,", con la propuesta presentada por ",H15,", para la ejecución del correspondiente contrato de prestación de servicios.") -> Para el desarrollo del contrato LA ALCALDÍA DEL MUNICIPIO DE PAUNA realizó un proceso por la modalidad deMínima Cuantía , firmándose el Contrato de suministros N° 025 DE 2024, con la propuesta presentada por JOSUÉ EDILSON RODRIGUEZ SIERRA C.C. N°79.593.482, para la ejecución del correspondiente contrato de prestación de servicios.
A27: 5. RELACIÓN DE ACTAS DEL CONTRATO
A28: ACTA | I28: FECHA | N28: Valor | S28: OBSERVACION
A29: INICIO | I29: =+'FM-101-IS'!N13 -> 23 de diciembre de 2024
A30: ACTA APROBACION DE POLIZA
A31: ACTA PARCIAL 1 | I31: 45656 | N31: =+'FM-101-IS'!D45 -> 16489385
A32: ACTA PARCIAL 2 | N32: =+'FM-101-IS'!D46 -> 0
A33: ACTA PARCIAL 3 | N33: =+'FM-101-IS'!D47 -> 0
A34: ACTA PARCIAL 4 | N34: =+'FM-101-IS'!D48 -> 0
A35: ACTA PARCIAL 5 | N35: =+'FM-101-IS'!G45 -> 0
A36: ACTA PARCIAL 6 | N36: =+'FM-101-IS'!G46 -> 0
A37: ACTA PARCIAL 7 | N37: =+'FM-101-IS'!G47 -> 0
A38: ACTA PARCIAL 8 | N38: =+'FM-101-IS'!G48 -> 0
A39: ACTA PARCIAL 9 | N39: =+'FM-101-IS'!N45 -> 0
A40: ACTA PARCIAL 10 | N40: =+'FM-101-IS'!N46 -> 0
A41: ACTA PARCIAL 11 | N41: =+'FM-101-IS'!N47 -> 0
A42: ACTA PARCIAL 12 | N42: =+'FM-101-IS'!N48 -> 0
C44: VALOR TOTAL CONTRATADO | N44: =+T18 -> 16490000
C45: VALOR TOTAL PAGADO | N45: =+'FM-101-IS'!D49 -> 0
C46: VALOR A PAGAR PRESENTE ACTA | N46: =+'FM-101-IS'!J49 -> 16489385
C47: SALDO POR EJECUTAR | N47: =+N44-N45-N46 -> 615.06
A49: 6. RESUMEN DE ACTIVIDADES REALIZADAS DURANTE EL PERIODO
A50: =+CONCATENATE("Las actividades contempladas en el presente informe se ejecutaron para el periodo de tiempo comprendido:") -> Las actividades contempladas en el presente informe se ejecutaron para el periodo de tiempo comprendido:
A52: Entre | C52: =+'FM-101-IS'!H10 -> 45649 | N52: y | O52: =+'FM-101-IS'!P10 -> 45656
A53: El contratista durante el periodo de ejecución del contrato y prestación del servicio realizó las siguientes actividades:
A55: Ítem | C55: Actividad contractual | K55: Actividades realizadas | T55: Evidencia presentada | Y55: Cumplida?
A56: 1 | C56: =+'FM-101-IS'!A32 -> Impresión e instalación de valla de 11.50 de ancho x 3.70 de alto, impresión en lona banner 13 onz | K56: =+'FM-101-IS'!G32 -> Se realizó la entrega de los suministros cumpliendo las especificaciones dadas por el Supervisor | T56: =+'FM-101-IS'!S32 -> VER ANEXO 1 | Y56: =+IF(T56=0,"NO","SI") -> SI
A57: =1+A56 -> 2 | C57: =+'FM-101-IS'!A33 -> Impresión e instalación de valla de 11.50 de ancho x 5.46 de alto, impresión en lona banner 13 onz | K57: =+'FM-101-IS'!G33 -> Se realizó la entrega de los suministros cumpliendo las especificaciones dadas por el Supervisor | T57: =+'FM-101-IS'!S33 -> VER ANEXO 2 | Y57: =+IF(T57=0,"NO","SI") -> SI
A58: =1+A57 -> 3 | C58: =+'FM-101-IS'!A34 -> Impresión de Pendón Banner tipo Roll Up Enrolla 100 x 200 cm, impresión en lona banner 13 onz | K58: =+'FM-101-IS'!G34 -> Se realizó la entrega de los suministros cumpliendo las especificaciones dadas por el Supervisor | T58: =+'FM-101-IS'!S34 -> VER ANEXO 3 | Y58: =+IF(T58=0,"NO","SI") -> SI
A59: =1+A58 -> 4 | C59: =+'FM-101-IS'!A35 -> Pocillo tintero 9 onzas con plato, marcado personalizado a full color en alta calidad | K59: =+'FM-101-IS'!G35 -> Se realizó la entrega de los suministros cumpliendo las especificaciones dadas por el Supervisor | T59: =+'FM-101-IS'!S35 -> VER ANEXO 4 | Y59: =+IF(T59=0,"NO","SI") -> SI
A60: =1+A59 -> 5 | C60: =+'FM-101-IS'!A36 -> microperforado tamaño 81 cm x 21 cm | K60: =+'FM-101-IS'!G36 -> Se realizó la entrega de los suministros cumpliendo las especificaciones dadas por el Supervisor | T60: =+'FM-101-IS'!S36 -> VER ANEXO 5 | Y60: =+IF(T60=0,"NO","SI") -> SI
A61: =1+A60 -> 6 | C61: =+'FM-101-IS'!A37 -> aviso tensado a estructura metaica y plastificado medida 400x90 cm | K61: =+'FM-101-IS'!G37 -> Se realizó la entrega de los suministros cumpliendo las especificaciones dadas por el Supervisor | T61: =+'FM-101-IS'!S37 -> VER ANEXO 6 | Y61: =+IF(T61=0,"NO","SI") -> SI
A62: =1+#REF! -> #REF! | K62: =+'FM-101-IS'!#REF! -> #REF! | T62: =+'FM-101-IS'!#REF! -> #REF! | Y62: =+IF(T62=0,"NO","SI") -> #REF!
A63: =1+A62 -> #REF! | K63: =+'FM-101-IS'!#REF! -> #REF! | T63: =+'FM-101-IS'!#REF! -> #REF! | Y63: =+IF(T63=0,"NO","SI") -> #REF!
A64: =1+A63 -> #REF! | K64: =+'FM-101-IS'!#REF! -> #REF! | T64: =+'FM-101-IS'!#REF! -> #REF! | Y64: =+IF(T64=0,"NO","SI") -> #REF!
A65: =1+A64 -> #REF! | K65: =+'FM-101-IS'!#REF! -> #REF! | T65: =+'FM-101-IS'!#REF! -> #REF! | Y65: =+IF(T65=0,"NO","SI") -> #REF!
A66: =1+A65 -> #REF! | C66: =+'FM-101-IS'!A42 -> 202400081 | K66: =+'FM-101-IS'!#REF! -> #REF! | T66: =+'FM-101-IS'!#REF! -> #REF! | Y66: =+IF(T66=0,"NO","SI") -> #REF!
A67: =1+A66 -> #REF! | C67: =+'FM-101-IS'!A44 -> 0 | K67: =+'FM-101-IS'!#REF! -> #REF! | T67: =+'FM-101-IS'!#REF! -> #REF! | Y67: =+IF(T67=0,"NO","SI") -> #REF!
A68: 7. CONCEPTO DEL SUPERVISOR SOBRE EL CUMPLIMIENTO GENERAL DEL OBJETO DEL CONTRATO:
A69: =+CONCATENATE("El contratista ha cumplió a entera satisfacción con el desarrollo y ejecución del objeto contractual y las obligaciones derivadas del contrato ",H12) -> El contratista ha cumplió a entera satisfacción con el desarrollo y ejecución del objeto contractual y las obligaciones derivadas del contrato N° 025 DE 2024
A71: 5. Aportes a la seguridad social
A72: No. Planilla | H72: Aportes
H73: Fecha pago planilla | J73: Salud | M73: Pensiones | Q73: Riesgos | U73: Total Aportado
A74: =+'FM-101-IS'!A55:D55 -> 9479410064 | H74: =+'FM-101-IS'!E55 -> 45649 | J74: =+'FM-101-IS'!F55 -> 162500 | M74: =+'FM-101-IS'!H55 -> 208000 | Q74: =+'FM-101-IS'!L55 -> 6800 | U74: =+SUM(J74:T74) -> 377300
H75: =+'FM-101-IS'!E58 -> 0 | J75: =+'FM-101-IS'!#REF! -> #REF! | M75: =+'FM-101-IS'!H58 -> 0 | Q75: =+'FM-101-IS'!#REF! -> #REF! | U75: =+SUM(J75:T75) -> #REF!
A76: Total Aportes | J76: =SUM(J74:L74) -> 162500 | M76: =SUM(M74:P75) -> 208000 | Q76: =SUM(Q74:T74) -> 6800 | U76: =SUM(J76:T76) -> 377300
A77: Tipo de riesgo | F77: Tipo I | J77: =+VLOOKUP(F77,Listas!I:J,2,0) -> 0.00522
A78: 5.1. Verificación de aportes
A79: Concepto | G79: Salud | K79: Pensiones | O79: Riesgos | S79: Total Aportes
A80: A aportar | G80: =+'FM-101-IS'!AB49 -> 162500 | K80: =+'FM-101-IS'!AF49 -> 208000 | O80: =+'FM-101-IS'!AJ49 -> 6800 | S80: =+SUM(G80:R80) -> 377300
A81: Aportado | G81: =+J74 -> 162500 | K81: =+M74 -> 208000 | O81: =+Q74 -> 6800 | S81: =+SUM(G81:R81) -> 377300
A82: Cumple ? | G82: =+IF(G81>=G80,"Cumple","NO CUMPLE") -> Cumple | K82: =+IF(K81>=K80,"Cumple","NO CUMPLE") -> Cumple | O82: =+IF(O81>=O80,"Cumple","NO CUMPLE") -> Cumple | S82: =+IF(S81>=S80,"Cumple","NO CUMPLE") -> Cumple
A83: 8. INFORME GENERAL DE ACTIVIDADES DESARROLLADAS POR EL SUPERVISOR
A84: Como supervisor del contrato, revisé los soportes y anexos remitidos por el contratista.
A85: Se realizaron consulta y requerimientos los cuales fueron atendidos exitosamente.
A86: Revisé que el contratista remitiera junto con al informe los debidos soportes de pago de parafiscales y demás requisitos de ley, remití los documentos respectivos para el trámite de pago.
A88: Para el pago presentó:
C89: Cuenta de cobro y/o factura
C90: pagos de seguridad social.
C91: Informe contratista
C92: Anexos del informe de servicios
C93: Entrada a almacen (SOLO SI SE REQUIERE)
A95: Cordialmente,
A98: =+H16 -> ZAMIRA CARO CARO
A99: =+'FM-101-IS'!F8 -> SECRETARIA DE DESARROLLO ECONÓMICO Y PARTICIPACIÓN COMUNITARIA

Sheet Listas
A1: Tipo Anexo | B1: Responsables | C1: Dependencias
A2: Medio Magnético | B2: ANDRES FELIPE ARIAS VARGAS | C2: SECRETARIA DE PLANEACION Y OBRAS PUBLICAS | F2: Contratación Directa | I2: Tipo I | J2: 0.00522 | K2: =+J2*'FM-101-IS'!$AI$9 -> 28932.637 | O2: Acta 01 | P2: =+'FM-101-IS'!D45 -> 16489385 | Q2: 1 | R2: =+IF(Q2<'FM-101-IS'!$W$42,"SI","NO") -> NO | S2: =+P2 -> 16489385 | T2: =+SUMIF(R:S,"SI",S:S) -> 0 | V2: Prestación de servicios
A3: Impreso | B3: YESSI KATERINE GONZALEZ PORRAS | C3: SECRETARIA DE GOBIERNO | F3: Mínima Cuantía | I3: Tipo II | J3: 0.01044 | K3: =+J3*'FM-101-IS'!$AI$9 -> 57865.274 | O3: Acta 02 | P3: =+'FM-101-IS'!D46 -> 0 | Q3: 2 | R3: =+IF(Q3<'FM-101-IS'!$W$42,"SI","NO") -> NO | S3: =+P3 -> 0 | V3: Suministro
B4: MANUEL FERNANDO GRANADOS CAÑON | C4: SECRETARIA DE DESARROLLO SOCIAL | F4: Licitación Publica | I4: Tipo III | J4: 0.02436 | K4: =+J4*'FM-101-IS'!$AI$9 -> 135018.97 | O4: Acta 03 | P4: =+'FM-101-IS'!D47 -> 0 | Q4: 3 | R4: =+IF(Q4<'FM-101-IS'!$W$42,"SI","NO") -> NO | S4: =+P4 -> 0 | V4: Arrendamiento
B5: ZAMIRA CARO CARO | C5: SECRETARIA DE DESARROLLO ECONÓMICO Y PARTICIPACIÓN COMUNITARIA | F5: Menor cuantía | I5: Tipo IV | J5: 0.0435 | K5: =+J5*'FM-101-IS'!$AI$9 -> 241105.31 | O5: Acta 04 | P5: =+'FM-101-IS'!D48 -> 0 | Q5: 4 | R5: =+IF(Q5<'FM-101-IS'!$W$42,"SI","NO") -> NO | S5: =+P5 -> 0 | V5: Consultoria
B6: YUDY ALEJANDRA REYES REYES | C6: SECRETARIA DE HACIENDA | F6: Concurso de méritos | I6: Tipo V | J6: 0.0696 | K6: =+J6*'FM-101-IS'!$AI$9 -> 385768.49 | O6: Acta 05 | P6: =+'FM-101-IS'!G45 -> 0 | Q6: 5 | R6: =+IF(Q6<'FM-101-IS'!$W$42,"SI","NO") -> NO | S6: =+P6 -> 0 | V6: Compraventa
B7: YEISON FERNANDO QUIÑONES POVEDA | C7: SECRETARIA DE DEPORTE Y CULTURA | O7: Acta 06 | P7: =+'FM-101-IS'!G46 -> 0 | Q7: 6 | R7: =+IF(Q7<'FM-101-IS'!$W$42,"SI","NO") -> NO | S7: =+P7 -> 0 | V7: Convenio de asociación
B8: LUIS ELADIO CUELLAR JIMENEZ | C8: JEFE DE LA UNIDAD DE SERVICIOS PUBLICOS | O8: Acta 07 | P8: =+'FM-101-IS'!G47 -> 0 | Q8: 7 | R8: =+IF(Q8<'FM-101-IS'!$W$42,"SI","NO") -> NO | S8: =+P8 -> 0
O9: Acta 08 | P9: =+'FM-101-IS'!G48 -> 0 | Q9: 8 | R9: =+IF(Q9<'FM-101-IS'!$W$42,"SI","NO") -> NO | S9: =+P9 -> 0
O10: Acta 09 | P10: =+'FM-101-IS'!N45 -> 0 | Q10: 9 | R10: =+IF(Q10<'FM-101-IS'!$W$42,"SI","NO") -> NO | S10: =+P10 -> 0
O11: Acta 10 | P11: =+'FM-101-IS'!N46 -> 0 | Q11: 10 | R11: =+IF(Q11<'FM-101-IS'!$W$42,"SI","NO") -> NO | S11: =+P11 -> 0
O12: Acta 11 | P12: =+'FM-101-IS'!N47 -> 0 | Q12: 11 | R12: =+IF(Q12<'FM-101-IS'!$W$42,"SI","NO") -> NO | S12: =+P12 -> 0
O13: Acta 12 | P13: =+'FM-101-IS'!N48 -> 0 | Q13: 12 | R13: =+IF(Q13<'FM-101-IS'!$W$42,"SI","NO") -> NO | S13: =+P13 -> 0
